 Dungeon Crawl Stone Soup version 0.31.0 (webtiles) character file.

Game seed: 11296477906731267730

1430 Kenran the Grappler (level 8, -4/37 (42) HPs)
             Began as a Vine Stalker Fighter on Jan 19, 2024.
             Slain by a wight
             ... wielding a +5 battleaxe
              (6 damage)
             ... on level 5 of the Dungeon.
             The game lasted 00:12:52 (4716 turns).

Kenran the Grappler (Vine Stalker Fighter)          Turns: 4716, Time: 00:12:53

HP:   -4/37 (42)    AC: 10    Str: 21    XL:     8   Next: 73%
MP:   0/9           EV:  7    Int:  8    God:
Gold: 295           SH:  5    Dex: 14    Spells: 7/7 levels left

rFire   . .          .
                       - Unarmed
rCold   . . .        b - +0 buckler
rNeg    . . .        f - +0 chain mail
rPois   .            h - +0 helmet
rElec   .            (no cloak)
rCorr   .            (no gloves)
SInv    .            (no boots)
Will    +....        (no amulet) Stlth
                     d - ring of flight
HPRegen 1.06/turn    (no ring)
MPRegen 0.11/turn

%: guardian spirit
@: flying, heavily drained
A: fangs 3, regeneration 1, magic shield, antimagic bite, no potion heal 2
a: no special abilities


You were on level 5 of the Dungeon.
You visited 1 branch of the dungeon, and saw 6 of its levels.

You collected 295 gold pieces.

Inventory:

Hand Weapons
 k - the +1 spear of the Endless Expanse {freeze, rC+ rN++}
   (You took it off a gnoll on level 2 of the Dungeon)

   rC+:       It protects you from cold.
   rN++:      It greatly protects you from negative energy.
 x - a +4 rapier of venom
Missiles
 t - a throwing net (quivered)
Armour
 b - a +0 buckler (worn)
 f - a +0 chain mail (worn)
 h - a +0 helmet (worn)
Jewellery
 d - a ring of flight (left hand)
 y - a ring of protection from cold
Wands
 a - a wand of iceblast (3)
 r - a wand of mindburst (6)
 w - a wand of polymorph (7)
Scrolls
 e - 2 scrolls of fear
 g - 3 scrolls of teleportation
 j - a scroll of brand weapon
 m - a scroll of poison {!r}
 p - 2 scrolls of blinking
 s - a scroll of amnesia {unknown}
 u - a scroll of immolation {unknown}
 v - a scroll of fog {unknown}
 z - a scroll of enchant armour {unknown}
Potions
 c - a potion of might
 i - 2 potions of degeneration {unknown}
 l - 2 potions of mutation {unknown}
 n - a potion of cancellation {unknown}
 o - 2 potions of lignification {unknown}
 q - a potion of curing {unknown}


   Skills:
 - Level 4.0 Fighting
 - Level 4.0 Armour
 - Level 3.0 Shields
 + Level 9.0 Unarmed Combat
 - Level 2.0 Evocations


You had 7 spell levels left.
You didn't know any spells.
Your spell library contained the following spells:

 Spells                   Type           Power      Damage    Failure   Level
 Call Canine Familiar     Summ           0%         N/A       100%        3
 Sigil of Binding         Hex            0%         N/A       100%        3
 Dimensional Bullseye     Hex/Tloc       0%         N/A       100%        4


Dungeon Overview and Level Annotations

Branches:
Dungeon (6/15)
 Temple: D:4-7

Altars:

Shops:
D:5 =((

Annotations:
D:2 exclusion: downstairs


Innate Abilities, Weirdness & Mutations

You have razor-sharp teeth.
Your natural rate of healing is unusually fast.
When hurt, damage is shared between your health and your magic reserves.
Your bite disrupts and absorbs the magic of your enemies.
Potions cannot restore your health.


Message History

You are no longer corroded.
You start resting.
HP restored.
Magic restored. 2 wights come into view.
A wight is wielding a +3 dagger of freezing.
A wight comes into view. It is wielding a +0 dire flail.
A wight comes into view.
It is wielding a +2 battleaxe of freezing.
The wight hits you with a +5 battleaxe!
You feel drained. The wight attacks as it pursues you!
The wight hits you with a +5 battleaxe! The wight attacks as it pursues you!
The wight closely misses you. The wight hits you but does no damage.
The wight attacks as it pursues you!
The wight hits you with a +3 dagger of freezing.
The wight freezes you.
Okay, then.
Found a dagger.
There is a stone staircase leading up here.
The wight hits you with a +5 battleaxe.
You fly upwards.
There is a stone staircase leading down here.
You hit the wight but do no damage. The wight hits you with a +5 battleaxe!
You barely miss the wight. Your bite misses the wight.
The wight barely misses you.
You hit the wight. You bite the wight. You drain its power.
You feel invigorated.
The wight is lightly damaged.
The wight hits you with a +5 battleaxe!
You closely miss the wight.
The wight is lightly damaged.
You block the wight's attack.
You closely miss the wight.
The wight is lightly damaged.
The wight hits you with a +5 battleaxe!
You feel drained.
You barely miss the wight. Your bite misses the wight.
The wight is lightly damaged.
The wight hits you with a +5 battleaxe!!
* * * LOW HITPOINT WARNING * * *
You feel drained.
You die...

....####)#...###)#.# ###.#.### #
###.# #...#.# #.#.# #[..# # # #.#
#####.# #.#.# ##.## # #.# #.#
#.#.# #.# ##.## #.# #.#.# #.#
#...# #.# #.#.# #.# ##.## #.#
#.#.# #.# #.# #.###z#.# #.######
###.########....@#.# #.......
.............#####.## ########
###.##.....(........#############
#..........#####...............
####.............##############
#.....<.####### #.......#
#.......# #########


You could see a wight.

Vanquished Creatures
  Grinder (D:3)
  Eustachio (D:4)
  A sky beast (D:5)
  3 phantoms
  A scorpion (D:5)
  A howler monkey (D:6)
  2 bombardier beetles
  A gnoll bouda (D:5)
  3 hounds
  2 jellies
  2 sleepcaps
  Terence (D:3)
  3 iguanas (D:5)
  Ijyb (D:4)
  8 adders
  11 gnolls
  A white imp (D:5)
  2 dart slugs
  2 ribbon worms
  2 orcs (D:4)
  9 ball pythons
  6 endoplasms
  3 giant cockroaches
  8 goblins
  7 hobgoblins
  4 jackals
  7 kobolds
  2 quokkas
  4 bats
  A frilled lizard (D:2)
  5 rats
105 creatures vanquished.

Notes
Turn   | Place    | Note
-------+----------+-------------------------------------------
     0 | D:1      | Kenran the Vine Stalker Fighter began the quest for the
                  | Orb.
     0 | D:1      | Reached XP level 1. HP: 11/11 MP: 2/2
   112 | D:1      | Reached XP level 2. HP: 16/16 MP: 3/3
   219 | D:1      | Found a faded altar of an unknown god.
   238 | D:1      | Reached skill level 3 in Unarmed Combat
   402 | D:1      | Reached XP level 3. HP: 19/19 MP: 4/4
   805 | D:2      | Reached skill level 4 in Unarmed Combat
   930 | D:2      | Reached XP level 4. HP: 23/23 MP: 3/5
  1179 | D:2      | Identified the +1 spear of the Endless Expanse {freeze, rC+
                  | rN++}
  1356 | D:3      | Noticed Grinder
  1367 | D:3      | Paralysed by Grinder for 5 turns
  1728 | D:3      | Killed Grinder
  1729 | D:3      | Reached skill level 6 in Unarmed Combat
  1729 | D:3      | Reached XP level 5. HP: 8/28 MP: 2/6
  1729 | D:3      | Reached XP level 6. HP: 10/32 MP: 2/7
  2223 | D:3      | Noticed Terence
  2233 | D:3      | Killed Terence
  2798 | D:4      | Reached XP level 7. HP: 36/36 MP: 8/8
  2865 | D:4      | Reached skill level 7 in Unarmed Combat
  3411 | D:4      | Noticed Ijyb
  3446 | D:5      | Entered Level 5 of the Dungeon
  3520 | D:5      | Found Qeowal's Weapon Shop.
  3569 | D:5      | Found Wacaript's Weapon Shoppe.
  3632 | D:5      | Found Pyfrucw's Jewellery Shop.
  3741 | D:5      | Reached skill level 8 in Unarmed Combat
  3741 | D:5      | Gained mutation: You have razor-sharp teeth. [Vine Stalker
                  | growth]
  3741 | D:5      | Reached XP level 8. HP: 40/40 MP: 9/9
  4108 | D:6      | Reached skill level 1 in Evocations
  4182 | D:4      | Killed Ijyb
  4307 | D:4      | Noticed Eustachio
  4310 | D:4      | Killed Eustachio
  4667 | D:6      | Reached skill level 9 in Unarmed Combat
  4716 | D:5      | Slain by a wight

Illustrated notes

Levels and vault maps discovered:
D:1:      dpeg_arrival_simpleton_c, layout_basic,
          chequers_ecumenical_altar_island
D:2:      layout_basic
D:3:      layout_loops_corners, chequers_serial_rivers_marsh, uniq_grinder,
          uniq_terence
D:4:      layout_layer_cave, uniq_eustachio, uniq_ijyb
D:5:      layout_loops_ring, serial_shops, shop, nicolae_shop_stone, shop
D:6:      layout_cave_pools

Skill      XL: |  1  2  3  4  5  6  7  8 |
---------------+-------------------------+-----
Unarmed Combat | 3 4 6 8 9 |  9.0
Shields        | 3 |  3.0
Fighting       | 3 4 |  4.0
Armour         | 3 4 |  4.0
Evocations     | 2 |  2.0

Action                     |  1- 3 |  4- 6 |  7- 9 || total
---------------------------+-------+-------+-------++-------
  Melee: Unarmed           |    91 |   106 |   139 ||   336
         Bite              |    17 |    28 |    40 ||    85
  Evoke: Wand              |       |     3 |     6 ||     9
    Use: Scroll            |     2 |     2 |     2 ||     6
         Potion            |       |     1 |       ||     1
 Armour: Scale mail        |    53 |       |       ||    53
         Chain mail        |     3 |    70 |    71 ||   144
  Dodge: Dodged            |    22 |    30 |    44 ||    96
  Block: Buckler           |    19 |    16 |    24 ||    59
